 Dungeon Crawl Stone Soup version 0.28-a0-312-gbced6e68ee (webtiles) character file.

Game seed: 9219406586110045754

2441 Kala the Basher (level 9, -8/79 HPs)
             Began as a Minotaur Berserker on Aug 31, 2021.
             Was an Elder of Trog.
             Shot with a sling bullet by Joseph (21 damage)
             ... on level 7 of the Dungeon.
             The game lasted 00:24:33 (6242 turns).

Kala the Basher (Minotaur Berserker)                Turns: 6242, Time: 00:24:34

Health: -8/79      AC:  7    Str: 24    XL:     9   Next: 25%
Magic:  8/8        EV: 13    Int:  6    God:    Trog [****..]
Gold:   409        SH:  0    Dex: 17    Spells: 8/8 levels left

rFire   . . .      SeeInvis .   m - +0 mace (protect)
rCold   . . .      Faith    .   (no shield)
rNeg    . . .      Spirit   .   h - +0 ring mail
rPois   .          Reflect  .   (helmet restricted)
rElec   .          Harm     .   g - +0 cloak
rCorr   .          Rampage  .   (no gloves)
Will    ++...                   (no boots)
Stlth   ++........              j - amulet of regeneration
HPRegen 2.23/turn               a - +6 ring of dexterity
MPRegen 0.11/turn               (no ring)

@: strong-willed, regenerating
A: horns 2, retaliatory headbutt, clever 1
a: Renounce Religion, Berserk, Trog's Hand, Brothers in Arms


You were on level 7 of the Dungeon.
You worshipped Trog.
Trog was greatly pleased with you.
You visited 1 branch of the dungeon, and saw 7 of its levels.

You collected 409 gold pieces.

Inventory:

Hand Weapons
 m - a +0 mace of protection (weapon)
 q - a +0 shortbow
Missiles
 r - 22 arrows
Armour
 g - a +0 cloak (worn)
 h - a +0 ring mail (worn)
Jewellery
 a - a +6 ring of dexterity (left hand)
 j - an amulet of regeneration (around neck)
Scrolls
 e - a scroll of noise
 f - a scroll of teleportation
 i - a scroll of magic mapping
 k - a scroll of brand weapon
 l - a scroll of torment
 n - a scroll of summoning {unknown}
 o - a scroll of enchant armour {unknown}
 p - a scroll of enchant weapon {unknown}
Potions
 c - 2 potions of curing
 d - a potion of heal wounds


   Skills:
 * Level 7.2 Fighting
 * Level 9.0 Maces & Flails
 * Level 0.1 Bows
 * Level 7.0 Armour
 * Level 5.0 Dodging
 + Level 2.6 Stealth
 + Level 3.0 Shields
 * Level 3.4 Evocations


You had 8 spell levels left.
You didn't know any spells.
Your spell library was empty.

Dungeon Overview and Level Annotations

Branches:
Dungeon (7/15)             Temple (0/1) D:6

Altars:
Cheibriados
Gozag
Hepliaklqana
Uskayaw
The Shining One

Shops:
D:3 (*:

Annotations:
D:7 Joseph


Innate Abilities, Weirdness & Mutations

You have a pair of horns on your head.
You reflexively headbutt those who attack you in melee.
Your mind is acute. (Int +2)


Message History

You shoot an arrow.
The arrow hits Joseph but does no damage.
Joseph is lightly wounded.
Joseph shoots a sling bullet.
The sling bullet barely misses you.
Joseph shoots a sling bullet.
The sling bullet hits you!
Fire: 24 arrows
Press: ? - help, Q - select action, (/) - cycle Shift-Dir - straight line, f/p - Joseph
Aim: Joseph, wielding a +0 hunting sling, wearing a +0 leather armour and quivering sling bullets (lightly wounded, 63% to hit)
You shoot an arrow. The arrow hits Joseph!
Joseph is moderately wounded.
Joseph shoots a sling bullet.
The sling bullet hits you!
Fire: 23 arrows
Press: ? - help, Q - select action, (/) - cycle Shift-Dir - straight line, f/p - Joseph
Aim: Joseph, wielding a +0 hunting sling, wearing a +0 leather armour and quivering sling bullets (moderately wounded, 63% to hit)
You shoot an arrow. The arrow hits Joseph.
Joseph is moderately wounded.
Joseph shoots a sling bullet.
The sling bullet hits you!!
* * * LOW HITPOINT WARNING * * *
Joseph shoots a sling bullet.
The sling bullet hits you.
* * * LOW HITPOINT WARNING * * *
Joseph shoots a sling bullet.
The sling bullet hits you.
* * * LOW HITPOINT WARNING * * *
An orc comes into view. It is wielding a +0 hand axe.
The orc shouts!
Joseph shoots a sling bullet.
The sling bullet hits you!
* * * LOW HITPOINT WARNING * * *
The orc moves out of view.
A white imp comes into view.
An orc comes into view. It is wielding a +0 dagger.
An orc comes into view. It is wielding a +0 flail.
You don't know any spells.
Unknown command.
Your skin crawls.
You feel strong-willed.
The white imp shouts!
You hear a shout!
An orc wizard comes into view. It is wielding a +0 dagger.
Your +0 mace of protection hums with potential!
m - a +0 mace of protection (weapon)
Joseph shoots a sling bullet.
The sling bullet hits you!!
You die...

####### ##......##
##........##
#..........#
#..........#
#..........#
#.>........#
#........<.##
##.........@###
#.............#
#..........#...#
#..........###o.5.
#...?.....@#
###.o.
#..........# o.
##........## .
##.......#
##......#


You could see Joseph, an orc wizard, a white imp and 2 orcs.

Vanquished Creatures
  A hydra (D:6)
  A gargoyle (D:6)
  Duvessa (D:4)
  An ice beast (D:5)
  2 necrophages
  An ogre (D:4)
  A centaur (D:6)
  A scorpion (D:5)
  A wyvern skeleton (D:5)
  Dowan (D:4)
  2 bullfrog zombies
  A centaur zombie (D:6)
  A hound (D:5)
  3 orc priests
  A jelly (D:4)
  Crazy Yiuf (D:2)
  3 orc wizards
  3 iguanas
  2 killer bee zombies (D:6)
  3 gnolls (D:4)
  14 adders
  A howler monkey skeleton (D:6)
  A white imp (D:6)
  An ufetubus (D:4)
  3 adder skeletons
  3 dart slugs
  A worm (D:3)
  22 orcs
  7 ball pythons
  8 bats
  4 endoplasms
  5 giant cockroaches
  7 goblins
  5 hobgoblins
  4 jackals
  4 quokkas
  4 frilled lizards
  8 kobolds
  5 rats (D:3)
138 creatures vanquished.

Vanquished Creatures (others)
  5 fungi (D:2)
  9 plants (D:4)
14 creatures vanquished.

Grand Total: 152 creatures vanquished

Notes
Turn   | Place    | Note
-------+----------+-------------------------------------------
     0 | D:1      | Kala the Minotaur Berserker began the quest for the Orb.
     0 | D:1      | Reached XP level 1. HP: 19/19 MP: 0/0
   468 | D:1      | Reached XP level 2. HP: 26/27 MP: 1/1
  1054 | D:2      | Reached skill level 4 in Maces & Flails
  1054 | D:2      | Reached XP level 3. HP: 33/33 MP: 2/2
  1150 | D:2      | Reached ** piety under Trog
  1255 | D:2      | Found a faded altar of an unknown god.
  1507 | D:2      | Reached XP level 4. HP: 41/41 MP: 3/3
  1517 | D:2      | Reached skill level 1 in Shields
  2120 | D:2      | Found a runed translucent door.
  2121 | D:2      | Noticed Crazy Yiuf
  2129 | D:2      | Killed Crazy Yiuf
  2365 | D:3      | Found an opulent altar of Gozag.
  2365 | D:3      | Found a snail-covered altar of Cheibriados.
  2400 | D:3      | Found Jaejo's Antique Weapon Boutique.
  2400 | D:3      | Found Xiqoept's Book Boutique.
  2634 | D:3      | Reached XP level 5. HP: 45/47 MP: 4/4
  2674 | D:3      | Reached skill level 5 in Maces & Flails
  2759 | D:3      | Found Qoepsem's Assorted Antiques.
  2765 | D:3      | Reached skill level 1 in Stealth
  2773 | D:3      | Reached skill level 1 in Evocations
  3418 | D:4      | Noticed Duvessa
  3419 | D:4      | Noticed Dowan
  3431 | D:4      | Killed Dowan
  3432 | D:4      | Reached skill level 5 in Fighting
  3432 | D:4      | Reached XP level 6. HP: 22/56 MP: 5/5
  3436 | D:4      | Killed Duvessa
  3578 | D:4      | Reached skill level 6 in Maces & Flails
  3671 | D:4      | Reached *** piety under Trog
  3734 | D:4      | Found a hazy altar of Hepliaklqana.
  3802 | D:4      | Reached XP level 7. HP: 61/61 MP: 6/6
  4198 | D:4      | Found a glowing golden altar of the Shining One.
  4513 | D:5      | Entered Level 5 of the Dungeon
  4819 | D:5      | Found a hide-covered altar of Uskayaw.
  4861 | D:5      | Reached skill level 5 in Armour
  4894 | D:5      | Reached skill level 7 in Maces & Flails
  4894 | D:5      | Reached XP level 8. HP: 70/70 MP: 7/7
  5240 | D:6      | Noticed a gargoyle
  5251 | D:6      | Killed a gargoyle
  5379 | D:6      | Gained mutation: Your mind is acute. (Int +2) [potion of
                  | mutation]
  5433 | D:6      | Found a staircase to the Ecumenical Temple.
  5665 | D:6      | Noticed a five-headed hydra
  5676 | D:6      | Killed a five-headed hydra
  5676 | D:6      | Reached **** piety under Trog
  5677 | D:6      | Reached skill level 8 in Maces & Flails
  5677 | D:6      | Reached skill level 5 in Dodging
  5677 | D:6      | Reached XP level 9. HP: 67/79 MP: 8/8
  6027 | D:6      | Reached skill level 9 in Maces & Flails
  6226 | D:7      | Noticed Joseph
  6242 | D:7      | Shot with a sling bullet by Joseph

Illustrated notes

Levels and vault maps discovered:
D:1:      scummos_arrival_star, layout_loops_corners, minivault_4
D:2:      minmay_evil_eye, layout_loops_ring, basic_ecumenical_altar,
          minmay_small_reverse_x, uniq_crazy_yiuf_cottage
D:3:      layout_loops_corners, gammafunk_temple_overflow_statue, serial_shops,
          nicolae_shop_crystal, shop, shop, fountainhead, minmay_misc_feat_x,
          minmay_increasing_density
D:4:      layout_gridville, nicolae_hepliaklqana_hazy_memory,
          mainiacjoe_overflow_surrounded_room, grunt_ministairs_7, uniq_duvessa
D:5:      layout_basic, eat_drink_and_be_merry_uskayaw, kennysheep_small_circle
D:6:      layout_rooms, minmay_temple_entry_trees, minmay_door_square
D:7:      layout_rooms, uniq_pikel, uniq_joseph

Skill      XL: |  1  2  3  4  5  6  7  8  9 |
---------------+----------------------------+-----
Fighting       | 4 5 7 |  7.2
Maces & Flails | 4 5 6 7 8 9 |  9.0
Shields        | 1 2 3 |  3.0
Dodging        | 3 4 5 |  5.0
Stealth        | 1 2 |  2.6
Evocations     | 1 2 3 |  3.4
Armour         | 3 5 7 |  7.0
Bows           | |  0.1

Action                   |  1- 3 |  4- 6 |  7- 9 || total
-------------------------+-------+-------+-------++-------
Melee: Mace              |    11 |       |    74 ||    85
       Whip              |    43 |   120 |    82 ||   245
       Headbutt          |     7 |    21 |    40 ||    68
 Fire: Shortbow          |       |       |     9 ||     9
Invok: Berserk           |     4 |     9 |     5 ||    18
       Trog's Hand       |       |     3 |     1 ||     4
  Use: Potion            |     2 |     2 |     3 ||     7
       Scroll            |       |     7 |     3 ||    10
 Stab: Sleeping          |       |     4 |     2 ||     6
Armor: Animal skin       |    10 |     8 |       ||    18
       Ring mail         |       |    15 |    52 ||    67
Dodge: Dodged            |    29 |    59 |    69 ||   157

Table legend: (Time is in decaauts)
 A = Elapsed time spent in this place.
 B = Non-inter-level travel time spent in this place.
 C = Inter-level travel time spent in this place.
 D = Time resting spent in this place.
 E = Time spent auto-exploring this place.
 F = Levels seen in this place.
 G = Mean time per level.
                   A        B        C        D        E       F      G
               +--------+--------+--------+--------+--------+-----+--------+
         Total |   6376 |   6177 |    199 |    716 |   4573 |   7 |  910.9 |
       Dungeon |   6376 |   6177 |    199 |    716 |   4573 |   7 |  910.9 |
               +--------+--------+--------+--------+--------+-----+--------+

Top non-repeatable levels by time:
     D:2: 1265 daAuts
     D:4: 1179 daAuts
     D:3: 1112 daAuts
     D:6: 1071 daAuts
     D:1: 1068 daAuts
     D:5: 658 daAuts
     D:7: 20 daAuts
